 Dungeon Crawl Stone Soup version 0.24-a0-397-g73b976d855 (webtiles) character file.

Game seed: 4769017404311983818

12868 theanonym the Brawler (level 11, -9/115 HPs)
             Began as a Troll Gladiator on June 4, 2019.
             Was a Priest of the Shining One.
             Mangled by a cyclops (12 damage)
             ... on level 11 of the Dungeon.
             The game lasted 00:08:49 (7988 turns).

theanonym the Brawler (Troll Gladiator)             Turns: 7988, Time: 00:08:49

Health: -9/115     AC:  9    Str: 30    XL:     11   Next: 68%
Magic:  10/10      EV: 10    Int:  4    God:    the Shining One [***...]
Gold:   455        SH: 21    Dex: 16    Spells: 10/10 levels left

rFire    . . .     SeeInvis .     - Unarmed
rCold    . . .     Gourm    +   G - +2 large shield
rNeg     + . .     Faith    .   o - +1 troll leather armour {Purgy}
rPois    .         Spirit   .   b - +0 hat
rElec    .         Reflect  +   (no cloak)
rCorr    .         Harm     .   (gloves unavailable)
MR       .....                  (boots unavailable)
Stlth    +.........             d - +5 amulet of reflection
HPRegen  1.09/turn              (no ring)
MPRegen  0.12/turn              p - ring of the Good {+Fly Str+3 Slay+4}

@: agile, berserk cooldown, very slightly contaminated, slowed, glowing, very
slow
A: large, unfitting armour, claws 3, fast metabolism 3, gourmand, regeneration
1, shaggy fur 1, tough skin 3
a: Divine Shield, Renounce Religion, Evoke Flight


Innate Abilities, Weirdness & Mutations

You are too large for most types of armour.
You have claws for hands.
Your metabolism is lightning-fast.
You like to eat raw meat.
Your natural rate of healing is unusually fast.
You are covered in fur. (AC +1)
You have extremely tough skin. (AC +3)


   Skills:
 + Level 9.3 Fighting
 - Level 1.7 Throwing
 - Level 2.4 Dodging
 * Level 15.0 Unarmed Combat


You had 10 spell levels left.
You didn't know any spells.
Your spell library contained the following spells:

 Spells                   Type           Power        Failure   Level  Hunger
 Bolt of Magma            Conj/Fire/Erth #.........   100%        5    ######.
 Iskenderun's Battlesphe  Conj/Chrm      #.......     100%        5    ######.
 Venom Bolt               Conj/Pois      #.........   100%        5    ######.
 Iron Shot                Conj/Erth      #.........   100%        6    #######
 Orb of Destruction       Conj           #.........   100%        7    #######
 Spellforged Servitor     Conj/Summ      #.........   100%        7    #######

Skill      XL: |  1  2  3  4  5  6  7  8  9 10 11 |
---------------+----------------------------------+-----
Fighting       | 2 3 4 5 7 8 9 |  9.3
Unarmed Combat | 4 5 6 8 10 11 13 15 | 15.0
Throwing       | |  1.7
Dodging        | |  2.4

Action                   |  1- 3 |  4- 6 |  7- 9 | 10-12 || total
-------------------------+-------+-------+-------+-------++-------
Melee: Unarmed           |    77 |   104 |   269 |   203 ||   653
       Punch             |     1 |     1 |       |       ||     2
Throw: Throwing net      |       |       |       |     4 ||     4
  Use: Scroll            |       |     7 |    11 |     4 ||    22
       Potion            |       |       |       |     6 ||     6
 Stab: Sleeping          |     1 |       |     5 |       ||     6
  Eat: Chunk             |    17 |     9 |    34 |    16 ||    76
       Ration            |       |       |     1 |       ||     1
Armor: Robe              |    46 |    14 |       |       ||    60
       Troll leather arm |       |    27 |    49 |    38 ||   114
Dodge: Dodged            |    44 |    45 |    32 |    25 ||   146
Block: Other             |       |    10 |     4 |       ||    14
       Large shield      |       |       |   189 |   193 ||   382
       Reflection        |       |       |    11 |    19 ||    30

Inventory:

Missiles
 s - 2 throwing nets (quivered)
 z - 6 large rocks
Armour
 a - a +0 robe
 b - a +0 hat (worn)
 o - a +1 troll leather armour (worn) {Purgy}
 G - a +2 large shield (worn)
Jewellery
 d - a +5 amulet of reflection (around neck)
 k - an uncursed ring of ice
 p - the ring of the Good (right claw) {+Fly Str+3 Slay+4}

   [ring of flight]

   It affects your strength (+3).
   It affects your accuracy and damage with ranged weapons and melee attacks
   (+4).
   It lets you fly.
 J - an uncursed ring of flight
Wands
 c - a wand of clouds (4)
 g - a wand of disintegration (28)
 v - a wand of acid (10)
 A - a wand of random effects (18)
 C - a wand of paralysis (10)
Scrolls
 m - 2 scrolls of amnesia
 n - 7 scrolls of remove curse
 r - a scroll of identify
 t - 6 scrolls of teleportation
 y - a scroll of magic mapping
 B - a scroll of blinking
 E - a scroll of torment
 H - a scroll of random uselessness {unknown}
 K - a scroll of holy word {unknown}
Potions
 f - 3 potions of lignification
 h - 3 potions of haste
 i - 2 potions of invisibility
 j - a potion of agility
 q - a potion of heal wounds
 u - 3 potions of brilliance
 w - 3 potions of curing
 x - a potion of resistance
 D - a potion of mutation
 F - a potion of flight
Comestibles
 e - 28 rations
 I - 6 chunks of flesh


You were on level 11 of the Dungeon.
You worshipped the Shining One.
The Shining One was most pleased with you.
You were completely stuffed.

You visited 2 branches of the dungeon, and saw 12 of its levels.

You collected 679 gold pieces.
You spent 224 gold pieces at shops.

Dungeon Overview and Level Annotations

Branches:
Dungeon (11/15)            Temple (1/1) D:6
   Lair: D:8-11         Orc: D:9-12

Altars:
Ashenzari
Cheibriados
Dithmenos
Elyvilon
Fedhas
Gozag
Hepliaklqana
Kikubaaqudgha
Makhleb
Nemelex Xobeh
Okawaru
Qazlal
Ru
Sif Muna
Trog
Uskayaw
Vehumet
Wu Jian
Xom
Yredelemnul
Zin
The Shining One

Shops:
D:6

! ......... #......##+###
###..##..#.....
#........#.....
#.#............
.......รท.......
##############'.#....
#))(..##......#.#....
#(#C@((.##....#.#....
#....(##)#....##.##.#....
.........#.###.(..##..#....
.#.##.####.##.##(.# .##....
.. .. #.##...### # ####+
..# .#.##.. #. #F. # # ###
#. ... #. #.


You could see a cyclops.

Notes
Turn   | Place    | Note
-------+----------+-------------------------------------------
     0 | D:1      | theanonym the Troll Gladiator began the quest for the Orb.
     0 | D:1      | Reached XP level 1. HP: 19/19 MP: 0/0
   332 | D:1      | Reached XP level 2. HP: 25/28 MP: 1/1
   743 | D:2      | Reached skill level 2 in Fighting
   946 | D:2      | Reached XP level 3. HP: 35/35 MP: 2/2
  1021 | D:2      | Reached skill level 4 in Unarmed Combat
  1330 | D:3      | Reached XP level 4. HP: 44/44 MP: 3/3
  1422 | D:3      | Noticed Natasha
  1430 | D:3      | Killed Natasha
  1430 | D:3      | Reached skill level 5 in Unarmed Combat
  1430 | D:3      | Reached XP level 5. HP: 27/52 MP: 4/4
  1550 | D:3      | Noticed Natasha
  1561 | D:3      | Killed Natasha
  1599 | D:3      | Noticed Purgy
  1607 | D:3      | Killed Purgy
  1607 | D:3      | Reached skill level 3 in Fighting
  1607 | D:3      | Reached XP level 6. HP: 53/61 MP: 5/5
  1808 | D:3      | Reached skill level 6 in Unarmed Combat
  1939 | D:3      | Noticed Natasha
  1941 | D:3      | Killed Natasha
  2246 | D:4      | Reached XP level 7. HP: 66/68 MP: 6/6
  2511 | D:4      | Reached skill level 4 in Fighting
  2511 | D:4      | Reached skill level 7 in Unarmed Combat
  2786 | D:4      | HP: 34/70 [gnoll/+1 spear of flaming (6)]
  3182 | D:5      | Entered Level 5 of the Dungeon
  3429 | D:5      | Reached skill level 8 in Unarmed Combat
  3622 | D:5      | Reached XP level 8. HP: 76/79 MP: 7/7
  4156 | D:6      | Reached skill level 5 in Fighting
  4211 | D:6      | Found Vohuw's Distillery.
  4226 | D:6      | Bought a potion of lignification for 42 gold pieces
  4226 | D:6      | Bought a potion of berserk rage for 70 gold pieces
  4226 | D:6      | Bought a potion of invisibility for 112 gold pieces
  4290 | D:6      | Reached skill level 9 in Unarmed Combat
  4476 | D:6      | Got a twitching bronze ring
  4490 | D:6      | Identified the ring of the Good {+Fly Str+3 Slay+4} (You
                  | found it on level 6 of the Dungeon)
  4640 | D:6      | Found a staircase to the Ecumenical Temple.
  4647 | Temple   | Entered the Ecumenical Temple
  4952 | Temple   | Became a worshipper of the Shining One
  5834 | D:8      | Found a deep blue altar of Sif Muna.
  5845 | D:8      | Reached skill level 10 in Unarmed Combat
  5902 | D:8      | Reached XP level 9. HP: 81/89 MP: 8/8
  6007 | D:8      | Reached skill level 6 in Fighting
  6064 | D:8      | Reached * piety under the Shining One
  6319 | D:9      | Noticed Harold
  6326 | D:9      | Paralysed by Harold for 4 turns
  6333 | D:9      | Killed Harold
  6333 | D:9      | Reached skill level 11 in Unarmed Combat
  6367 | D:9      | Noticed a two-headed ogre
  6373 | D:9      | Killed a two-headed ogre
  6373 | D:9      | Reached skill level 7 in Fighting
  6381 | D:9      | Reached XP level 10. HP: 98/102 MP: 9/9
  6762 | D:9      | Noticed a two-headed ogre
  6765 | D:9      | Noticed a two-headed ogre
  6773 | D:9      | Reached skill level 12 in Unarmed Combat
  6783 | D:9      | Killed a two-headed ogre
  6788 | D:9      | Killed a two-headed ogre
  6926 | D:9      | Reached skill level 13 in Unarmed Combat
  7238 | D:10     | Entered Level 10 of the Dungeon
  7240 | D:10     | Reached ** piety under the Shining One
  7241 | D:10     | Noticed Erolcha
  7246 | D:10     | Reached skill level 8 in Fighting
  7252 | D:10     | Killed Erolcha
  7253 | D:10     | HP: 51/104 [poisoned by a gnoll sergeant]
  7256 | D:10     | HP: 25/104 [kobold/bolt (7)]
  7469 | D:10     | Reached XP level 11. HP: 88/113 MP: 10/10
  7616 | D:10     | Reached skill level 14 in Unarmed Combat
  7924 | D:11     | HP: 54/113 [troll (9)]
  7926 | D:11     | Noticed a two-headed ogre
  7938 | D:11     | Killed a two-headed ogre
  7938 | D:11     | Reached skill level 9 in Fighting
  7943 | D:11     | Reached *** piety under the Shining One
  7949 | D:11     | Noticed a six-headed hydra
  7961 | D:11     | HP: 57/115 [six-headed hydra (5)]
  7966 | D:11     | Killed a nine-headed hydra
  7976 | D:11     | Noticed a two-headed ogre
  7977 | D:11     | HP: 49/115 [two-headed ogre/+0 giant club (17)]
  7978 | D:11     | HP: 22/115 [two-headed ogre/+0 giant club (15)]
  7979 | D:11     | Killed a two-headed ogre
  7979 | D:11     | Reached skill level 15 in Unarmed Combat
  7984 | D:11     | HP: 35/115 [cyclops/large rock (25)]
  7986 | D:11     | HP: 17/115 [cyclops (21)]
  7988 | D:11     | HP: 3/115 [cyclops (18)]
  7988 | D:11     | Mangled by a cyclops

Vanquished Creatures
  Harold (D:9)
  A hydra (D:11)
  Erolcha (D:10)
  5 two-headed ogres
  A cyclops (D:11)
  3 trolls
  A hippogriff (D:10)
  A vampire (D:11)
  3 yaks
  3 hogs (D:10)
  A human (D:10)
  A steam dragon (D:10)
  A water moccasin (D:11)
  Purgy (D:3)
  2 ice beasts
  2 sky beasts
  2 necrophages
  A black bear (D:11)
  3 orc warriors
  A phantom (D:9)
  5 ogres
  4 centaurs
  A crocodile (D:10)
  2 big kobolds
  2 bullfrogs
  A gnoll sergeant (D:10)
  A water moccasin zombie (D:6)
  A wyvern skeleton (D:7)
  6 scorpions
  4 howler monkeys
  4 wights (D:8)
  An electric eel (D:10)
  4 crimson imps
  9 hounds
  A centaur zombie (D:8)
  A quasit (D:6)
  A bullfrog zombie (D:8)
  2 jellies
  2 bullfrog skeletons
  5 orc wizards
  7 orc priests
  7 iguanas
  6 worker ants
  Natasha (thrice) (D:3)
  A hound skeleton (D:5)
  A worker ant zombie (D:6)
  A howler monkey skeleton (D:4)
  12 adders
  24 gnolls
  3 shadow imps
  3 oozes
  An adder skeleton (D:6)
  A worm (D:3)
  A dart slug (D:2)
  4 leopard geckos
  29 orcs
  3 giant cockroaches
  3 goblins
  6 hobgoblins
  10 jackals
  12 kobolds
  7 quokkas
  2 ball pythons
  A ball python skeleton (D:5)
  9 bats
  A jackal skeleton (D:4)
  A jackal zombie (D:7)
  A leopard gecko skeleton (D:4)
  A quokka skeleton (D:9)
  4 rats
257 creatures vanquished.

Vanquished Creatures (others)
  3 centaurs
  An orc (D:10)
  A kobold (D:7)
  5 fungi (D:11)
  A plant (D:11)
11 creatures vanquished.

Grand Total: 268 creatures vanquished

Table legend:
 A = Turns spent in this place as a percentage of turns spent in the entire game.
 B = Non-inter-level travel turns spent in this place as a percentage of non-inter-level travel turns spent in the entire game.
 C = Inter-level travel turns spent in this place as a percentage of turns spent in this place.
 D = Turns resting spent in this place as a percentage of non-inter-level travel turns spent in this place.
 E = Turns spent auto-exploring this place as a percentage of non-inter-level travel turns spent in this place.
 F = Non-inter-level travel turns spent in this place divided by the number of levels of this place that you've seen.
                   A       B       C       D       E      F
               +-------+-------+-------+-------+-------+----------------------
         Total | 100.0 | 100.0 |   5.4 |   2.2 |  81.6 | 629.8
       Dungeon |  95.9 |  96.0 |   5.3 |   2.3 |  80.9 | 659.5
        Temple |   4.1 |   4.0 |   7.3 |   0.0 |  99.0 | 303.0
               +-------+-------+-------+-------+-------+----------------------
